Map: Estação Rei Sejong ER

Players

wizardgamer

  • Race: Zerg Zerg
  • League: Master

TheZergLord - Winner!

  • Race: Zerg Zerg
  • League: Grandmaster

VOD

Have the link to the VOD?

Description

Time

  • Played on: May 27, 2016, 12:11 p.m.
  • Length: 4:21
Show
View Real Time Build Order
Export as new Build Order

wizardgamer Zerg 

Build Orders: Hatch First 

Get SALT Encoding   

  12  0:02  Drone  
  13  0:20  Overlord  
  13  0:23  Drone  
  13  0:26  Drone, Extractor  
  15  0:40  Drone  
  17  0:42  Drone  
  17  0:56  Hatchery  
  17  0:57  Drone  
  17  1:05  Drone  
  17  1:11  Extractor  
  17  1:17  Spawning Pool  
  16  1:19  Drone  
  18  1:25  Drone  
  18  1:36  Drone  
  19  1:49  Drone  
  20  1:59  Overlord  
  20  2:05  Queen  
  22  2:08  Queen  
  22  2:11  Metabolic Boost  
  22  2:15  Drone x2  
  26  2:22  Drone x2  
  28  2:30  Zergling x4  
  28  2:36  Baneling Nest  
  29  2:55  Drone x3, Hatchery  
  31  3:03  Drone x2  
  33  3:06  Overlord  
  33  3:14  Overlord  
  33  3:17  Drone x2  
  35  3:23  Drone  
  36  3:27  Zergling x6  
  36  3:28  Zergling x2  
  36  3:33  Baneling x4  
  40  3:38  Zergling x4  
  40  3:41  Overlord  
  42  3:44  Zergling x2  
Show
View Real Time Build Order
Export as new Build Order

TheZergLord Zerg - Winner!

Build Orders: Hatch First 

Get SALT Encoding   

  12  0:00  Drone  
  13  0:14  Overlord  
  13  0:18  Drone  
  14  0:33  Drone x2  
  16  0:36  Drone  
  17  0:53  Hatchery  
  17  0:56  Drone  
  17  1:10  Spawning Pool  
  16  1:12  Extractor  
  16  1:14  Drone  
  16  1:18  Drone  
  17  1:21  Drone  
  18  1:31  Drone  
  19  1:41  Overlord  
  19  1:53  Drone  
  20  1:57  Queen  
  22  2:04  Zergling x2  
  22  2:05  Queen  
  22  2:06  Drone  
  26  2:13  Metabolic Boost  
  26  2:16  Drone  
  27  2:23  Drone  
  27  2:26  Drone  
  27  2:28  Drone  
  30  2:45  Hatchery  
  30  2:48  Baneling Nest  
  30  2:50  Drone  
  29  2:52  Drone  
  29  2:56  Overlord  
  30  3:02  Zergling x6  
  33  3:09  Zergling x4  
  35  3:15  Zergling x4  
  35  3:16  Zergling x2  
  35  3:19  Zergling x2  
  39  3:20  Zergling x2  
  40  3:29  Zergling x4  
  40  3:30  Zergling x2  
  40  3:32  Baneling x2  
  43  3:38  Baneling  
  43  3:39  Baneling  
  43  3:40  Zergling x2  
  44  3:41  Overlord  
  44  3:42  Baneling x2  
  44  3:43  Baneling  
  44  3:48  Overlord  
Tags
 
Add a new tag
Caveats
  • Supply blocks, unpowered buildings, or Contaminate may cause inaccurate times.
  • Supply counts are checked every 10 seconds.